 Dungeon Crawl Stone Soup version 0.30-a0-3-gc9032a9cac (webtiles) character file.

Game seed: 11092294665025000088

116 DungeonMaster the Covered (level 4, -3/34 HPs)
             Began as a Demonspawn Wanderer on Aug 20, 2022.
             Slain by Grinder (6 damage)
             ... on level 4 of the Dungeon.
             The game lasted 00:05:38 (2636 turns).

DungeonMaster the Covered (Demonspawn Wanderer)     Turns: 2636, Time: 00:05:39

Health: -3/34      AC: 13    Str: 13    XL:     4   Next: 69%
Magic:  5/5        EV:  6    Int: 14    God:
Gold:   128        SH:  0    Dex: 13    Spells: 4/5 levels left

rFire   + + .      SeeInvis .    a - +2 hand axe
rCold   + . .      Faith    .    (no shield)
rNeg    . . .      Spirit   .    s - +2 chain mail {rF+}
rPois   +          Reflect  .    n - +1 helmet
rElec   +          Harm     .    (no cloak)
rCorr   +          Rampage  .    (no gloves)
Will    .....                    (no boots)
Stlth   ..........               (no amulet)
HPRegen 0.11/turn                (no ring)
MPRegen 0.09/turn                (no ring)

@: resistant
A: demonic magic 1
a: no special abilities


You were on level 4 of the Dungeon.
You visited 1 branch of the dungeon, and saw 4 of its levels.

You collected 128 gold pieces.

Inventory:

Hand Weapons
 a - a +2 hand axe (weapon)
 r - a +4 flail of holy wrath
Missiles
 d - 19 stones
Armour
 h - a +0 crystal plate armour
 n - a +1 helmet (worn)
 s - a +2 chain mail of fire resistance (worn)
Jewellery
 i - a +6 ring of dexterity
Wands
 p - a wand of polymorph (1)
Scrolls
 c - a scroll of teleportation
 o - a scroll of fear {unknown}
Potions
 e - 2 potions of flight
 g - 2 potions of attraction


   Skills:
 * Level 2.6 Fighting
 - Level 1.7 Axes
 * Level 3.0 Armour
 * Level 2.4 Dodging
 - Level 1.0 Stealth
 - Level 1.0 Spellcasting
 - Level 1.7 Air Magic


You had 4 spell levels left.
You knew the following spells:

 Your Spells              Type           Power      Damage    Failure   Level
a - Shock                 Conj/Air       12%        1d3       99%         1

Your spell library contained the following spells:

 Spells                   Type           Power      Damage    Failure   Level
 Summon Small Mammal      Summ           0%         N/A       100%        1
 Blink                    Tloc           0%         N/A       100%        2
 Call Canine Familiar     Summ           0%         N/A       100%        3
 Ignite Poison            Fire/Tmut/Pois 0%         N/A       100%        3
 Mephitic Cloud           Conj/Pois/Air  2%         N/A       100%        3
 Summon Guardian Golem    Hex/Summ       0%         N/A       100%        3
 Passage of Golubria      Tloc           0%         N/A       100%        4


Dungeon Overview and Level Annotations

Branches:
Dungeon (4/15)             Temple (0/1) D:4

Altars:
Gozag
Sif Muna

Shops:
D:3 [[==(

Annotations:
D:3 exclusion: door
D:4 Grinder


Innate Abilities, Weirdness & Mutations

Spells you cast may paralyse adjacent enemies.


Message History

You can move again.
Grinder attacks as you move away! Grinder hits you but does no damage.
You feel less invigorated.
You feel less confused.
Grinder says, "At least Makhleb appreciates what I'm doing."
Grinder gestures at you.
You shrug off the repeated paralysis!
You barely miss Grinder. Grinder hits you.
You feel less attractive to monsters.
You slash Grinder!
Grinder is lightly wounded.
Grinder gestures at you.
You suddenly lose the ability to move!
Grinder hits you!
You writhe in agony.
Grinder hits you but does no damage.
An endoplasm comes into view.
Grinder gestures at you. You resist with significant effort. Grinder hits you.
You writhe in agony.
* * * LOW HITPOINT WARNING * * *
You can move again.
Grinder barely misses you.
You hit Grinder.
Grinder is moderately wounded.
Grinder hits you but does no damage.
You completely miss Grinder.
Grinder is moderately wounded.
Grinder hits you.
* * * LOW HITPOINT WARNING * * *
You writhe in agony.
* * * LOW HITPOINT WARNING * * *
You feel better. Grinder hits you.
* * * LOW HITPOINT WARNING * * *
You writhe in agony.
* * * LOW HITPOINT WARNING * * *
It was a potion of resistance.
You feel protected. Grinder hits you.
* * * LOW HITPOINT WARNING * * *
You writhe in agony.
You die...

## ... ### # #.# #.. ..
#.# #.# # #. #.# #.# #.
#.##.###### #@#
#.##..........
#######5###..........###
#..)...J..).....#.#..#
#.##............#.#..###
. #.##.###.............
..#.##)#####.#.###.....
..........S.............
...#.....####ยง..###.####
.##.##.......#.# ...


You could see Grinder and an endoplasm.

Vanquished Creatures
  Blork the orc (D:4)
  A river rat (D:4)
  2 orcs (D:3)
  6 ball pythons
  2 bats
  3 endoplasms (D:1)
  2 giant cockroaches
  4 goblins
  4 hobgoblins
  3 jackals (D:2)
  A quokka (D:2)
  4 frilled lizards
  A kobold (D:1)
  A rat (D:1)
35 creatures vanquished.

Notes
Turn   | Place    | Note
-------+----------+-------------------------------------------
     0 | D:1      | DungeonMaster the Demonspawn Wanderer began the quest for
                  | the Orb.
     0 | D:1      | DungeonMaster set off with the following items: a +2 hand
                  | axe, a +0 scale mail, a scroll of teleportation; and the
                  | following spell memorised: Shock; and the following spells
                  | available to memorise: Mephitic Cloud.
     0 | D:1      | Reached XP level 1. HP: 15/15 MP: 2/2
    46 | D:1      | Reached skill level 2 in Armour
   272 | D:1      | Gained mutation: Spells you cast may paralyse adjacent
                  | enemies. [demonic ancestry]
   272 | D:1      | Reached XP level 2. HP: 17/21 MP: 3/3
   343 | D:1      | Found a faded altar of an unknown god.
  1654 | D:2      | Reached XP level 3. HP: 27/27 MP: 4/4
  1790 | D:3      | Found Egrogut's Antique Weapon Emporium.
  1864 | D:3      | Found a shimmering blue altar of Sif Muna.
  1889 | D:3      | Found Von Fusi's Antique Armour Boutique.
  1958 | D:3      | Found Etanal's Armour Shop.
  1971 | D:3      | Got Atyesiz's Codex of the Molten Wayfarer
  2009 | D:3      | Found an opulent altar of Gozag.
  2025 | D:3      | Found Atitemob's Jewellery Shoppe.
  2086 | D:3      | Found Jeos's Jewellery Boutique.
  2185 | D:3      | Noticed a killer bee
  2185 | D:3      | an orc priest changed into a killer bee
  2187 | D:3      | Noticed a swamp drake
  2187 | D:3      | a killer bee changed into a swamp drake
  2188 | D:3      | Noticed a meliai
  2188 | D:3      | a swamp drake changed into a meliai
  2189 | D:3      | Noticed a wind drake
  2189 | D:3      | a meliai changed into a wind drake
  2378 | D:4      | Noticed Edmund
  2382 | D:4      | Noticed Edmund
  2382 | D:4      | Edmund changed into Edmund the river rat
  2389 | D:4      | Killed Edmund the river rat
  2493 | D:4      | Found a staircase to the Ecumenical Temple.
  2605 | D:4      | Noticed Blork the orc
  2613 | D:4      | Noticed Grinder
  2616 | D:4      | Killed Blork the orc
  2617 | D:4      | Reached skill level 3 in Armour
  2617 | D:4      | Reached XP level 4. HP: 15/34 MP: 5/5
  2621 | D:4      | Paralysed by Grinder for 3 turns
  2627 | D:4      | Paralysed by Grinder for 4 turns
  2633 | D:4      | HP: 1/34 [Grinder (3)]
  2636 | D:4      | Slain by Grinder

Illustrated notes

Levels and vault maps discovered:
D:1:      minmay_arrival_nine_rooms, layout_basic,
          hellmonk_ecumenical_altar_lost_god
D:2:      layout_loops_corners
D:3:      layout_rooms, led_sif_book, nicolae_overflow_hidden_temple,
          portal_sewer_entry_d, serial_shops, nicolae_shop_crystal, shop_statue,
          nicolae_shop_hallway_stairs, nicolae_shop_crystal, shop
D:4:      layout_loops_ring, nicolae_wu_jian_wuxing_cycle, temple_statues,
          uniq_edmund, uniq_eustachio, uniq_pikel, uniq_blork_the_orc,
          uniq_robin, uniq_grinder

Skill      XL: |  1  2  3 |
---------------+----------+-----
Armour         | 2 3 |  3.0
Fighting       | 2 |  2.6
Dodging        | 2 |  2.4
Axes           | |  1.7
Stealth        | |  1.0
Spellcasting   | |  1.0
Air Magic      | |  1.7

Action                   |  1- 3 |  4- 6 || total
-------------------------+-------+-------++-------
Melee: Hand axe          |   126 |     4 ||   130
       Punch             |     1 |       ||     1
Evoke: Wand              |     8 |       ||     8
  Use: Scroll            |    10 |       ||    10
       Potion            |     3 |     3 ||     6
Armor: Scale mail        |    65 |       ||    65
       Chain mail        |     3 |     4 ||     7
Dodge: Dodged            |    72 |     2 ||    74

Table legend: (Time is in decaauts)
 A = Elapsed time spent in this place.
 B = Non-inter-level travel time spent in this place.
 C = Inter-level travel time spent in this place.
 D = Time resting spent in this place.
 E = Time spent auto-exploring this place.
 F = Levels seen in this place.
 G = Mean time per level.
                   A        B        C        D        E       F      G
               +--------+--------+--------+--------+--------+-----+--------+
         Total |   2662 |   2615 |     47 |    213 |   1992 |   4 |  665.5 |
       Dungeon |   2662 |   2615 |     47 |    213 |   1992 |   4 |  665.5 |
               +--------+--------+--------+--------+--------+-----+--------+

Top non-repeatable levels by time:
     D:2: 998 daAuts
     D:1: 810 daAuts
     D:3: 526 daAuts
     D:4: 327 daAuts
